 Dungeon Crawl Stone Soup version 0.20-a0-204-ge9bc5e3 (webtiles) character file.

830 Faca the Cudgeler (level 8, -2/67 HPs)
             Began as a Formicid Fighter on Nov 24, 2016.
             Slain by a slave (6 damage)
             ... led by Pikel
             ... on level 5 of the Dungeon.
             The game lasted 00:13:54 (3548 turns).

Faca the Cudgeler (Formicid Fighter)                Turns: 3548, Time: 00:13:55

Health: -2/67      AC: 13    Str: 21    XL:     8   Next: 18%
Magic:  8/8        EV: 12    Int:  6    God:
Gold:   359        SH: 16    Dex: 17    Spells: 7/7 levels left

rFire  . . .     SeeInvis +     a - +1 flail
rCold  . . .     Gourm    .     m - +0 plate armour
rNeg   . . .     Faith    .     c - +1 shield
rPois  .         Spirit   .     (helmet unavailable)
rElec  .         Reflect  +     o - +0 cloak
rCorr  .         Harm     .     (no gloves)
MR     .....                    (no boots)
Stlth  ..........               n - +4 amulet of reflection
                                (no ring)
                                j - +1 ring of evasion

@: agile
A: permanent stasis, dig shafts and tunnels, four strong arms, antennae 3,
hooves 1, dopey 1, robust 1
a: Dig, Shaft Self


You were on level 5 of the Dungeon.
You were not hungry.

You visited 1 branch of the dungeon, and saw 5 of its levels.

You collected 359 gold pieces.

Inventory:

Hand Weapons
 a - a +1 flail (weapon)
Armour
 c - a +1 shield (worn)
 m - a +0 plate armour (worn)
 o - a +0 cloak (worn)
Jewellery
 j - a +1 ring of evasion (left hand)
 n - a +4 amulet of reflection (around neck)
Scrolls
 b - a scroll of recharging
 e - a scroll of magic mapping
 h - 4 scrolls of identify
 i - 2 scrolls of enchant weapon
 r - a scroll of remove curse
Potions
 p - a potion of flight
Books
 l - a book of Maledictions

   Spells                             Type                      Level
   a - Corona                         Hexes                        1
   b - Ensorcelled Hibernation        Hexes/Ice                    2
   c - Confuse                        Hexes                        3
   d - Tukima's Dance                 Hexes                        3
   e - Dazzling Spray                 Conjuration/Hexes            3
Comestibles
 d - a slice of pizza
 f - 3 bread rations
 k - 2 meat rations
 q - 4 fruits


   Skills:
 + Level 4.7 Fighting
 + Level 5.9 Maces & Flails
 + Level 5.2 Armour
 + Level 1.5 Dodging
 + Level 0.6 Stealth
 + Level 5.6 Shields


You had 7 spell levels left.
You didn't know any spells.

Dungeon Overview and Level Annotations

Branches:
Dungeon (5/15)
 Temple: D:4-7

Altars:
Makhleb

Annotations:
D:5 Pikel


Innate Abilities, Weirdness & Mutations

You cannot be hasted, slowed, berserked, paralysed or teleported.
You can dig through walls and to a lower floor.
Your four strong arms can wield two-handed weapons with a shield.
You have a pair of large antennae on your head. (SInv)
You have large cloven feet.
You are dopey. (Int -2)
You are robust. (+10% HP)


Message History

Pikel is severely wounded.
You block Pikel's attack. You block the slave's attack.
The slave closely misses you. You block Pikel's attack.
You barely miss Pikel. You kick Pikel, but do no damage.
Pikel is severely wounded.
You block the slave's attack. x2; Pikel hits you but does no damage.
You block the slave's attack.
You closely miss Pikel. You kick Pikel, but do no damage.
Pikel is severely wounded.
The slave hits you but does no damage. You block Pikel's attack.
The slave barely misses you.
You hit Pikel but do no damage. You kick Pikel, but do no damage.
Pikel is severely wounded.
You block the slave's attack. Pikel hits you but does no damage.
The slave hits you.
* * * LOW HITPOINT WARNING * * *
You thump Pikel! You kick Pikel, but do no damage.
Pikel is almost dead.
The slave hits you.
You die...

#........### #.......######
##.........###.............
##...##.<..##.......######
#######<...#######.###
###..# #...# ##.## ###.###
#..## #...###### #..p#
###......! #.#@# ########


#pKp# ###p# ... ... #.... ##### You could see Pikel and 4 slaves.

Vanquished Creatures
  The ghost of Harvester the Grappler, a novice TrTm (D:5)
  Blork the orc (D:5)
  A water moccasin skeleton (D:5)
  A crimson imp (D:5)
  An orc priest (D:4)
  An orc wizard (D:4)
  A hound (D:5)
  2 iguanas
  A centaur skeleton (D:4)
  4 worker ants (D:4)
  4 adders (D:3)
  An ooze (D:3)
  An adder skeleton (D:4)
  A dart slug (D:2)
  A worm (D:3)
  A leopard gecko (D:2)
  An orc (D:4)
  A ball python (D:4)
  3 bats
  2 giant cockroaches
  8 hobgoblins
  7 jackals
  A quokka (D:2)
  2 frilled lizards
  3 goblins
  4 kobolds
  A leopard gecko skeleton (D:4)
  10 rats
66 creatures vanquished.

Notes
Turn   | Place    | Note
-------+----------+-------------------------------------------
     0 | D:1      | Faca the Formicid Fighter began the quest for the Orb.
     0 | D:1      | Reached XP level 1. HP: 18/18 MP: 1/1
   196 | D:1      | Reached XP level 2. HP: 24/24 MP: 2/2
  1234 | D:2      | Reached XP level 3. HP: 25/29 MP: 3/3
  1596 | D:3      | Reached XP level 4. HP: 33/36 MP: 4/4
  1964 | D:3      | Reached skill level 1 in Dodging
  2015 | D:4      | Reached XP level 5. HP: 25/41 MP: 5/5
  2343 | D:4      | Gained mutation: You are dopey. (Int -2) [potion of mutation]
  2343 | D:4      | Gained mutation: You have large cloven feet. [potion of mutation]
  2343 | D:4      | Gained mutation: You are robust. (+10% HP) [potion of mutation]
  2365 | D:4      | Reached XP level 6. HP: 48/52 MP: 6/6
  2551 | D:4      | Found a burning altar of Makhleb.
  2551 | D:4      | Noticed an Executioner
  2556 | D:4      | Noticed a hellwing
  2556 | D:4      | Noticed a smoke demon
  3028 | D:5      | Entered Level 5 of the Dungeon
  3069 | D:5      | Noticed Harvester's ghost (novice TrTm)
  3075 | D:5      | Reached skill level 5 in Shields
  3082 | D:5      | Killed Harvester's ghost
  3082 | D:5      | Reached skill level 5 in Maces & Flails
  3082 | D:5      | Reached skill level 5 in Armour
  3082 | D:5      | Reached XP level 7. HP: 30/60 MP: 7/7
  3276 | D:5      | Noticed Blork the orc
  3284 | D:5      | Killed Blork the orc
  3284 | D:5      | Reached XP level 8. HP: 67/67 MP: 8/8
  3519 | D:5      | Noticed Pikel
  3548 | D:5      | Slain by a slave

Vault maps used:
D:1:      dpeg_arrival_ratfight
D:2:      first_bread
D:3:      nrook_loot_triangle, nrook_mini_vaults, supply_closet_lemuel
D:4:      makhleb_altar_promises_db
D:5:      uniq_blork_the_orc, uniq_pikel

Skill      XL: |  1  2  3  4  5  6 |
---------------+-------------------+-----
Shields        | 4 5 |  5.6
Dodging        | 1 |  1.5
Maces & Flails | 3 5 |  5.9
Armour         | 4 5 |  5.2
Fighting       | 4 |  4.7
Stealth        | |  0.6

Action                   |  1- 3 |  4- 6 |  7- 9 || total
-------------------------+-------+-------+-------++-------
Melee: Flail             |   111 |   174 |    59 ||   344
       Kick              |       |    27 |    27 ||    54
  Use: Scroll            |     8 |     2 |     1 ||    11
       Potion            |     7 |     6 |     1 ||    14
  Eat: Meat ration       |     1 |     1 |       ||     2
Armor: Scale mail        |    32 |       |       ||    32
       Plate armour      |     8 |   127 |    30 ||   165
Dodge: Dodged            |    46 |    47 |    16 ||   109
Block: Shield            |    64 |   139 |    64 ||   267
